 Dungeon Sprint DCSS version 0.17-a0-1753-g75d4604 (webtiles) character file.

271 KambridgeKobold the Covert (level 6, -3/30 HPs)
             Began as a Spriggan Assassin on Sept 2, 2015.
             Splashed by a jelly's acid (5 damage)
             ... in the Dungeon (Sprint I: "Red Sonja").
             The game lasted 00:03:06 (160 turns).

KambridgeKobold the Covert (Spriggan Assassin)       Turns: 160, Time: 00:03:07

Health: -3/30      AC:  3    Str:  8    XL:     6   Next: 2%
Magic:  7/7        EV: 27    Int: 13    God:
Gold:   166        SH:  0    Dex: 18    Spells: 0 memorised, 5 levels left

rFire  . . .     SeeInvis +     a - +2 dagger
rCold  . . .     Clarity  .     c - +0 robe
rNeg   . . .     SustAt   .     (shield restricted)
rPois  .         Gourm    .     (helmet restricted)
rElec  .         Spirit   .     d - +0 cloak
rCorr  .         Warding  .     (gloves unavailable)
rMut   .         NoTele   +     (boots unavailable)
MR     +....                    (no amulet)
Stlth  ++++++....               (no ring)
                                (no ring)

@: very quick, somewhat resistant to hostile enchantments, very stealthy
A: unfitting armour, see invisible, herbivore 3, speed 3, slow metabolism 2
a: no special abilities


You were in the Dungeon.
You were not hungry.

You visited 1 branch You collected 166 gold pieces.

Inventory:

Hand weapons
 a - a +2 dagger (weapon)
 b - a +0 blowgun
 n - a +0 club
 p - a +0 giant club
 q - a +0 scythe
Missiles
 e - 6 poisoned needles
 f - 2 curare-tipped needles
Armour
 c - a +0 robe (worn)
 d - a +0 cloak (worn)
 o - a +0 leather armour
 r - a cursed -1 robe
Scrolls
 m - a scroll of blinking
Potions
 h - a potion of curing
 i - a potion of heal wounds
 j - a potion of haste
 k - 2 potions of magic
 l - a potion of berserk rage
Comestibles
 g - a bread ration


   Skills:
 - Level 1.5 Fighting
 + Level 8.2 Short Blades
 - Level 2.1 Throwing
 + Level 10.3 Dodging
 + Level 12.2 Stealth


You had 5 spell levels left.
You didn't know any spells.

Dungeon Overview and Level Annotations

Branches:
Dungeon (1/1)

Altars:
Sif Muna
Vehumet


Innate Abilities, Weirdness & Mutations

You are tiny and cannot use many weapons and most armour.
You have supernaturally acute eyesight.
You are a herbivore.
You cover ground extremely quickly.
You need consume almost no food.


Message History

Aim: a jelly (severely wounded)
You shoot a poisoned needle. The poisoned needle hits the jelly.
The jelly is poisoned.
The jelly is severely wounded.
You hear a slurping noise.
There is an open door here.
Firing (i - inventory. (,) - cycle):
e - 7 poisoned needles (quivered)
Press: ? - help, Shift-Dir - straight line, f/p - jelly
Aim: a jelly (severely wounded, poisoned)
You shoot a poisoned needle. The poisoned needle hits the jelly!
The jelly is severely wounded.
You hear a slurping noise.
There is an open door here.
a - a +2 dagger (weapon)
The jelly looks more healthy.
There is an open door here.
You are no longer corroded.
There is an open door here.
You hit the jelly.
Your hands burn!
You die...

################
#<.#..'..#..'..#
#..@J.#..'..#..+
#..#####'#####'#
#..# #..# #)#
#..# #### #.#
#..# #..+ #⌠⌠#
..._# ####
#_.#+# ##+


You could see a jelly.

Vanquished Creatures
  Sigmund (D)
  An ogre (D)
  Ijyb (D)
3 creatures vanquished.

Notes
Turn   | Place    | Note
--------------------------------------------------------------
     0 | D        | KambridgeKobold the Spriggan Assassin began the quest for the Orb.
     0 | D        | Reached XP level 1. HP: 10/10 MP: 2/2
     1 | D        | Noticed Ijyb
     4 | D        | Killed Ijyb
     4 | D        | Reached skill level 5 in Dodging
     4 | D        | Reached skill level 8 in Stealth
     4 | D        | Reached XP level 2. HP: 14/14 MP: 3/3
     7 | D        | Noticed an ogre
    10 | D        | Killed an ogre
    10 | D        | Reached skill level 10 in Stealth
    10 | D        | Reached XP level 3. HP: 18/18 MP: 4/4
    10 | D        | Reached XP level 4. HP: 22/22 MP: 5/5
    20 | D        | Noticed Sigmund
    33 | D        | Killed Sigmund
    33 | D        | Reached skill level 10 in Dodging
    33 | D        | Reached skill level 12 in Stealth
    33 | D        | Reached XP level 5. HP: 19/25 MP: 6/6
    33 | D        | Reached XP level 6. HP: 22/30 MP: 7/7
   125 | D        | Found a deep blue altar of Sif Muna.
   126 | D        | Noticed a jelly
   127 | D        | Found a radiant altar of Vehumet.
   139 | D        | HP: 1/30 [acid (5)]
   160 | D        | Splashed by a jelly's acid

Vault maps used:
D:        dungeon_sprint_1

Action                   |  1- 3 |  4- 6 || total
-------------------------+-------+-------++-------
Melee: Dagger            |     2 |    23 ||    25
 Fire: Blowgun           |       |     2 ||     2
 Stab: Sleeping          |     2 |       ||     2
